 Dungeon Crawl Stone Soup version 0.22-a0-304-gc4e68a00b7 (webtiles) character file.

142 FollowTheCloud the Slasher (level 5, -1/41 HPs)
             Began as a Demonspawn Gladiator on Mar 28, 2018.
             Killed by divine providence
             ... invoked by an orc priest
              (11 damage)
             ... on level 4 of the Dungeon.
             The game lasted 00:03:50 (2506 turns).

FollowTheCloud the Slasher (Demonspawn Gladiator)   Turns: 2506, Time: 00:03:50

Health: -1/41      AC:  4    Str: 14    XL:     5   Next: 4%
Magic:  7/7        EV: 14    Int: 11    God:
Gold:   222        SH:  0    Dex: 14    Spells: 7/7 levels left

rFire    . . .     SeeInvis .   a - +0 long sword
rCold    . . .     Gourm    .   (no shield)
rNeg     . . .     Faith    .   b - +0 leather armour
rPois    .         Spirit   .   c - +0 helmet
rElec    .         Reflect  .   (no cloak)
rCorr    .         Harm     .   (no gloves)
MR       .....                  (no boots)
Stlth    +.........             (no amulet)
HPRegen  0.13/turn              (no ring)
MPRegen  0.10/turn              (no ring)

@: lethally poisoned (-1 -> -8), drained
A: repulsion field 1
a: no special abilities


You were on level 4 of the Dungeon.
You were not hungry.

You visited 1 branch of the dungeon, and saw 4 of its levels.

You collected 222 gold pieces.

Inventory:

Hand Weapons
 a - a +0 long sword (weapon)
Missiles
 d - 3 throwing nets (quivered)
Armour
 b - a +0 leather armour (worn)
 c - a +0 helmet (worn)
Jewellery
 k - an uncursed ring of ice {unknown}
Scrolls
 g - a scroll of identify {unknown}
 i - a scroll of blinking {unknown}
 l - a scroll of immolation {unknown}
 m - a scroll of enchant weapon {unknown}
 n - a scroll of remove curse {unknown}
 r - a scroll of magic mapping {unknown}
 s - a scroll of fear {unknown}
 t - a scroll of amnesia {unknown}
 u - a scroll of fog {unknown}
Potions
 e - 3 potions of curing {unknown}
 h - a potion of berserk rage {unknown}
 j - a potion of cancellation {unknown}
 o - 2 potions of agility {unknown}
 p - a potion of invisibility {unknown}
 q - a potion of magic {unknown}
Comestibles
 f - 8 rations


   Skills:
 + Level 3.1(2.0) Fighting
 + Level 3.6(2.5) Long Blades
 - Level 1.7(0.7) Throwing
 + Level 3.5(2.4) Dodging
 + Level 1.6(0.5) Spellcasting


You had 7 spell levels left.
You didn't know any spells.

Dungeon Overview and Level Annotations

Branches:
Dungeon (4/15)
 Temple: D:4-7

Altars:
Hepliaklqana
Xom
Zin

Annotations:
D:3 Grinder


Innate Abilities, Weirdness & Mutations

You are surrounded by a mild repulsion field. (EV +2)


Message History

The angel rambles incoherently.
You feel sick.
You barely miss the worker ant. The worker ant closely misses you.
The worker ant bites you but does no damage.
You hit the worker ant but do no damage.
You feel sick. The worker ant barely misses you.
You barely miss the worker ant. The worker ant bites you.
You are more poisoned.
The worker ant poisons you! The worker ant misses you.
You riposte.
You hit the worker ant.
The worker ant is lightly wounded.
The orc priest calls down the wrath of Beogh upon you.
Beogh smites you!
* * * LOW HITPOINT WARNING * * *
You feel sick.
Unknown command.
You feel sick.
The orc priest mumbles some strange prayers to Beogh against you.
Beogh smites you!
You die...

####.# #....#.#####
#.##.#.....# #
##.########.# .#.
#.........#.# ##>?
######....#.######$...
#.##.#(##... ..#
#.####..#.###..#
#.@ao.o.o......#
#######.#.#....#.#
#..........#
#.........##
......#####..)..
.......#...#o.###
...%.._#...#_.#
.......#..A#..#
.......#####..#


You could see a worker ant, an orc priest and 2 orcs.

Vanquished Creatures
  A hound (D:2)
  5 adders
  An ooze (D:1)
  A worm (D:2)
  2 dart slugs
  4 leopard geckos
  2 orcs (D:2)
  4 bats
  A giant cockroach (D:3)
  7 goblins
  6 hobgoblins
  4 jackals (D:2)
  4 kobolds
  2 frilled lizards
  5 rats
49 creatures vanquished.

Notes
Turn   | Place    | Note
-------+----------+-------------------------------------------
     0 | D:1      | FollowTheCloud the Demonspawn Gladiator began the quest for the Orb.
     0 | D:1      | Reached XP level 1. HP: 16/16 MP: 1/1
   311 | D:1      | Gained mutation: You are surrounded by a mild repulsion field. (EV +2) [demonic ancestry]
   311 | D:1      | Reached XP level 2. HP: 22/22 MP: 2/2
   902 | D:2      | Reached XP level 3. HP: 28/28 MP: 3/3
  1424 | D:2      | Found a hazy altar of Hepliaklqana.
  1799 | D:3      | Reached skill level 1 in Spellcasting
  1828 | D:2      | Reached XP level 4. HP: 16/34 MP: 5/5
  2404 | D:3      | Noticed Grinder
  2471 | D:4      | Found a glowing silver altar of Zin.
  2471 | D:4      | Noticed an angel
  2483 | D:4      | Found a shimmering altar of Xom.
  2493 | D:4      | Reached XP level 5. HP: 33/41 MP: 7/7
  2506 | D:4      | Killed from afar by an orc priest

Vault maps used:
D:1:      dpeg_arrival_lava_temple_mockup
D:2:      marbit_many_paths, first_ration, minmay_misc_feat_chi
D:3:      chequers_temple_overflow_minitemple, uniq_sigmund, uniq_grinder
D:4:      grunt_temple_overflow_order_and_chaos_1, uniq_edmund

Skill      XL: |  1  2  3  4 |
---------------+-------------+-----
Long Blades    | 3 |  3.6
Dodging        | 3 |  3.5
Spellcasting   | 1 |  1.6
Fighting       | 3 |  3.1
Throwing       | |  1.7

Action                   |  1- 3 |  4- 6 || total
-------------------------+-------+-------++-------
Melee: Long sword        |   120 |    32 ||   152
 Stab: Sleeping          |     1 |       ||     1
  Eat: Chunk             |     3 |     2 ||     5
Armor: Leather armour    |    33 |    11 ||    44
Dodge: Dodged            |   124 |    39 ||   163
       Rpst.: Long sword |    34 |    16 ||    50

Table legend:
 A = Spawn XP
 B = Non-spawn XP
 C = Spawn XP percentage of total XP
 D = Spawn monster count
 E = Non-spawn monster count
 F = Spawn count percentage of total count
 G = Total turns spent on level
                    A         B        C        D         E        F      G
               +---------+---------+-------+---------+---------+-------+---------
         Total |       0 |     204 |   0.0 |       0 |      49 |   0.0 |  2506
               +---------+---------+-------+---------+---------+-------+---------
           D:1 |       0 |      32 |   0.0 |       0 |      16 |   0.0 |   861
           D:2 |       0 |     133 |   0.0 |       0 |      26 |   0.0 |  1299
           D:3 |       0 |      25 |   0.0 |       0 |       5 |   0.0 |   288
           D:4 |       0 |      14 |   0.0 |       0 |       2 |   0.0 |    58
               +---------+---------+-------+---------+---------+-------+---------
